 Dungeon Crawl Stone Soup version 0.29.0 (webtiles) character file.

Game seed: 10779687338501251411

1073 gelatine the Chopper (level 8, -2/65 HPs)
             Began as a Palentonga Fighter on Aug 24, 2022.
             Was a Follower of Fedhas.
             Slain by an orc warrior
             ... wielding a +0 dire flail
              (10 damage)
             ... on level 5 of the Dungeon.
             The game lasted 00:10:02 (5151 turns).

gelatine the Chopper (Palentonga Fighter)           Turns: 5151, Time: 00:10:04

Health: -2/65      AC: 15    Str: 23    XL:     8   Next: 7%
Magic:  8/8        EV:  9    Int: 10    God:    Fedhas [*.....]
Gold:   275        SH:  5    Dex: 15    Spells: 7/7 levels left

rFire   . . .      SeeInvis +   a - +0 war axe
rCold   . . .      Faith    .   c - +0 buckler
rNeg    . . .      Spirit   .   J - +0 leather armour
rPois   .          Reflect  .   g - +2 hat
rElec   .          Harm     .   E - +0 cloak
rCorr   .          Rampage  .   (no gloves)
Will    .....                   (no barding)
Stlth   ++........              (no amulet)
HPRegen 0.20/turn               B - +6 ring of dexterity
MPRegen 0.11/turn               (no ring)

@: mighty, studying Long Blades, curled up
A: large, rugged brown scales 3, see invisible, deformed body, roll 1, armoured
tail, reflexive curl
a: Rolling Charge, Renounce Religion


You were on level 5 of the Dungeon.
You worshipped Fedhas.
Fedhas was aware of your devotion.
You visited 1 branch of the dungeon, and saw 5 of its levels.

You collected 275 gold pieces.

Inventory:

Hand Weapons
 a - a +0 war axe (weapon)
 C - a +2 hammer of holy wrath
 D - a +2 quarterstaff of chaos
 F - a +1 hammer of venom
 G - a +0 hammer of draining
 H - a +0 hammer of protection
Armour
 c - a +0 buckler (worn)
 g - a +2 hat (worn)
 o - a +0 ring mail
 E - a +0 cloak (worn)
 I - a +0 robe
 J - a +0 leather armour (worn)
 L - an orb of light
Magical Staves
 n - a staff of conjuration
Jewellery
 k - a ring of fire
 B - a +6 ring of dexterity (left hand)
Scrolls
 b - a scroll of vulnerability {unknown}
 e - 7 scrolls of identify {unknown}
 h - 2 scrolls of poison {unknown}
 m - a scroll of fear {unknown}
 r - 4 scrolls of enchant armour {unknown}
 s - a scroll of blinking {unknown}
 t - 2 scrolls of magic mapping {unknown}
 u - 2 scrolls of fog {unknown}
 x - a scroll of teleportation {unknown}
 y - 2 scrolls of acquirement {unknown}
 z - a scroll of enchant weapon {unknown}
 A - 2 scrolls of noise {unknown}
 K - 3 scrolls of immolation {unknown}
Potions
 f - 2 potions of resistance {unknown}
 i - a potion of attraction {unknown}
 l - 2 potions of curing {unknown}
 p - a potion of magic {unknown}
 q - a potion of brilliance {unknown}
 v - 3 potions of invisibility {unknown}
 w - 2 potions of degeneration {unknown}
 M - a potion of ambrosia {unknown}


   Skills:
 + Level 4.5 Fighting
 + Level 6.6 Axes
 + Level 4.0 Armour
 + Level 1.7 Dodging
 + Level 1.2 Stealth
 + Level 4.0 Shields


You had 7 spell levels left.
You didn't know any spells.
Your spell library contained the following spells:

 Spells                   Type           Power      Damage    Failure   Level
 Ensorcelled Hibernation  Hex/Ice        0%         N/A       63%         2
 Passwall                 Tmut/Erth      0%         N/A       63%         2
 Conjure Flame            Conj/Fire      0%         6-21      85%         3
 Gell's Gravitas          Tloc           0%         N/A       85%         3
 Ignite Poison            Fire/Tmut/Pois 0%         N/A       85%         3
 Lesser Beckoning         Tloc           0%         N/A       85%         3
 Swiftness                Air            0%         N/A       85%         3
 Teleport Other           Tloc           0%         N/A       85%         3
 Fulminant Prism          Conj/Hex       0%         3d6       99%         4
 Iskenderun's Mystic Bla  Conj/Tloc      0%         2d3       99%         4
 Sticky Flame             Conj/Fire      0%         2d3       99%         4
 Lee's Rapid Deconstruct  Erth           0%         3d5*      100%        5


Dungeon Overview and Level Annotations

Branches:
Dungeon (5/15)
 Temple: D:4-7

Altars:
Elyvilon
Fedhas
Hepliaklqana
Okawaru
Ru
Zin


Innate Abilities, Weirdness & Mutations

You are completely covered in rugged brown scales. (AC +3, +7% HP)
You have supernaturally acute eyesight. (SInv)
Armour fits poorly on your strangely shaped body.
You can roll at nearby foes to attack.
You have a long armoured tail.
You curl defensively after being hit. (AC +7*)


Message History

The orc warrior closely misses you.
You feel much better.
The orc wizard hits you but does no damage.
The orc warrior closely misses you.
You feel very mighty all of a sudden.
The orc wizard hits you with a +1 dagger of protection.
The orc warrior closely misses you.
You hit the orc warrior.
The orc warrior is moderately wounded.
You hit the orc wizard but do no damage.
The orc warrior hits you with a +0 dire flail!
* * * LOW HITPOINT WARNING * * *
The orc wizard hits you with a +1 dagger of protection.
* * * LOW HITPOINT WARNING * * *
You barely miss the orc warrior.
Your tail-slap misses the orc warrior.
The orc warrior is moderately wounded.
You barely miss the orc wizard.
The orc wizard hits you but does no damage.
You block the orc warrior's attack.
Unknown command.
You closely miss the orc warrior.
The orc warrior is moderately wounded.
You hit the orc wizard but do no damage.
The orc wizard hits you with a +1 dagger of protection.
* * * LOW HITPOINT WARNING * * *
The orc warrior barely misses you.
You slash the orc warrior!
The orc warrior is severely wounded.
You slash the orc wizard!
You kill the orc wizard!
Fedhas appreciates your contribution to the ecosystem.
The orc warrior completely misses you.
Your Shields skill increases to level 4!
You barely miss the orc warrior.
The orc warrior is severely wounded.
The orc warrior hits you with a +0 dire flail.
* * * LOW HITPOINT WARNING * * *
The orc warrior hits you with a +0 dire flail!
You die...
Fedhas appreciates your contribution to the ecosystem.

...#.....#
...#.....#
...#.....#
...###'#####
####+##+##
...##......#
#.........
..........##
#.........
..........#
#.........
..........#
#..)......
..........#
#.@o......
##'####..##
###.........
##.#######
#..#+#####+####
......#
#.............+
......#
#.............#
......#
#.............#
......#
#.............#
......#
#.............#
......#
#.............#


You could see an orc warrior.

Vanquished Creatures
  Grinder (D:3)
  Sigmund (D:3)
  Eustachio (D:4)
  An ice beast (D:5)
  A phantom (D:4)
  2 scorpions (D:5)
  A hound (D:5)
  Crazy Yiuf (D:3)
  An orc wizard (D:5)
  2 iguanas (D:4)
  Robin (D:2)
  A gnoll (D:1)
  5 adders
  An ufetubus (D:4)
  A worm (D:4)
  3 dart slugs
  3 orcs
  8 ball pythons
  3 endoplasms
  5 giant cockroaches
  10 goblins
  12 hobgoblins
  2 jackals (D:4)
  3 quokkas
  5 bats
  3 frilled lizards
  2 kobolds (D:4)
  7 rats
  A spectral hobgoblin (D:3)
88 creatures vanquished.

Notes
Turn   | Place    | Note
-------+----------+-------------------------------------------
     0 | D:1      | gelatine the Palentonga Fighter began the quest for the
                  | Orb.
     0 | D:1      | Reached XP level 1. HP: 19/19 MP: 1/1
   392 | D:1      | Reached XP level 2. HP: 7/25 MP: 2/2
   998 | D:1      | Reached XP level 3. HP: 27/31 MP: 3/3
  1320 | D:2      | Noticed Robin
  1352 | D:2      | Killed Robin
  1353 | D:2      | Reached XP level 4. HP: 19/37 MP: 4/4
  2121 | D:3      | Noticed Grinder
  2132 | D:3      | Paralysed by Grinder for 4 turns
  2137 | D:3      | Killed Grinder
  2138 | D:3      | Reached skill level 4 in Axes
  2138 | D:3      | Reached skill level 1 in Dodging
  2138 | D:3      | Reached XP level 5. HP: 24/44 MP: 5/5
  2138 | D:3      | Reached XP level 6. HP: 28/51 MP: 6/6
  2314 | D:3      | Noticed Sigmund
  2326 | D:3      | Killed Sigmund
  2559 | D:3      | Found a glowing silver altar of Zin.
  2599 | D:3      | Found a hazy altar of Hepliaklqana.
  2670 | D:3      | Found an iron altar of Okawaru.
  2745 | D:3      | Found a faded altar of an unknown god.
  2753 | D:3      | Prayed at the altar of an unknown god.
  2753 | D:3      | Became a worshipper of Fedhas Madash
  2753 | D:3      | Reached * piety under Fedhas
  2860 | D:3      | Found a runed translucent door.
  2861 | D:3      | Noticed Crazy Yiuf
  2868 | D:3      | Killed Crazy Yiuf
  2869 | D:3      | Reached skill level 5 in Axes
  3247 | D:4      | Found a large runed translucent door.
  3247 | D:4      | Found a large runed translucent door.
  3573 | D:4      | Gained mutation: You curl defensively after being hit. (AC
                  | +7*) [Palentonga growth]
  3573 | D:4      | Reached XP level 7. HP: 57/57 MP: 7/7
  3754 | D:4      | Noticed Eustachio
  3778 | D:4      | Killed Eustachio
  3779 | D:4      | Reached skill level 1 in Stealth
  4214 | D:4      | Found a white marble altar of Elyvilon.
  4441 | D:4      | Found a sacrificial altar of Ru.
  4447 | D:4      | Reached skill level 6 in Axes
  4454 | D:4      | Found a blossoming altar of Fedhas.
  4486 | D:5      | Entered Level 5 of the Dungeon
  4840 | D:5      | Reached XP level 8. HP: 37/65 MP: 8/8
  5151 | D:5      | Slain by an orc warrior

Illustrated notes

Levels and vault maps discovered:
D:1:      lemuel_arrival_river_bridge, layout_loops_ring
D:2:      layout_rooms, uniq_robin
D:3:      layout_rooms, nicolae_hepliaklqana_monster_ancestors,
          mainiacjoe_overflow_alcove_1, lemuel_round_altar,
          hellmonk_ecumenical_altar_zigzags, mrwooster_statue_mirror,
          minmay_stone_trees_small, uniq_sigmund, uniq_grinder,
          uniq_crazy_yiuf_cottage
D:4:      layout_rooms, jmf_multi_god_temple2, elyvilon_altar_5,
          serial_co_window_serial, co_window_paths_b,
          co_window_of_opportunity_a, co_window_paths_a, co_window_paths_b,
          co_window_of_opportunity_a, co_window_corner_a, co_window_paths_b,
          co_window_paths_a, co_window_corner_a, co_window_corner_b,
          co_window_unsneaky_path_e, co_window_unsneaky_path_b,
          co_window_cross_3, co_window_paths_e, glass_columns_a,
          glass_columns_c, glass_columns_b, glass_columns_a, uniq_eustachio
D:5:      layout_gridville

Skill      XL: |  1  2  3  4  5  6  7  8 |
---------------+-------------------------+-----
Shields        | 3 4 |  4.0
Armour         | 3 4 |  4.0
Axes           | 4 5 6 |  6.6
Dodging        | 1 |  1.7
Fighting       | 4 |  4.5
Stealth        | 1 |  1.2

Action                   |  1- 3 |  4- 6 |  7- 9 || total
-------------------------+-------+-------+-------++-------
Melee: War axe           |   113 |    90 |    83 ||   286
       Tailslap          |     8 |    12 |    18 ||    38
 Abil: Rolling Charge    |     9 |    11 |     3 ||    23
  Use: Potion            |       |       |     3 ||     3
Armor: Scale mail        |    76 |     9 |       ||    85
       Ring mail         |       |    24 |       ||    24
       Leather armour    |       |     3 |    40 ||    43
Dodge: Dodged            |    51 |    24 |    40 ||   115
Block: Buckler           |    28 |    12 |    20 ||    60
